 Dungeon Crawl Stone Soup version 0.17-a0-1763-g847a857 (webtiles) character file.

64 Izanagi the Shield-Bearer (level 4, 28/28 HPs)
             Began as a Gargoyle Fighter on Sept 4, 2015.
             Was a Follower of Vehumet.
             Quit the game on level 3 of the Dungeon.
             The game lasted 00:11:52 (1426 turns).

Izanagi the Shield-Bearer (Gargoyle Fighter)        Turns: 1426, Time: 00:11:52

Health: 28/28      AC: 10    Str: 20    XL:     4   Next: 12%
Magic:  4/4        EV:  7    Int:  9    God:    Vehumet [*.....]
Gold:   102        SH:  9    Dex: 12    Spells: 1 memorised, 2 levels left

rFire  . . .     SeeInvis .     a - +0 flail
rCold  . . .     Clarity  .     b - +0 scale mail
rNeg   + . .     SustAt   .     c - +0 shield
rPois  ∞         Gourm    .     (no helmet)
rElec  +         Spirit   .     (no cloak)
rCorr  .         Warding  .     (no gloves)
rMut   .         Stasis   .     (no boots)
MR     .....                    (no amulet)
Stlth  ..........               (no ring)
                                n - +3 ring of dexterity

@: not resistant to hostile enchantments, extremely unstealthy
A: negative energy resistance 1, electricity resistance, unbreathing,
petrification resistance, rot immunity, AC +3
a: Renounce Religion


You were on level 3 of the Dungeon.
You worshipped Vehumet.
Vehumet was aware of your devotion.
You were not hungry.

You visited 1 branch of the dungeon, and saw 3 of its levels.

You collected 102 gold pieces.

Inventory:

Hand weapons
 a - a +0 flail (weapon)
Armour
 b - a +0 scale mail (worn)
 c - a +0 shield (worn)
Jewellery
 n - a +3 ring of dexterity (left hand)
 s - a cursed ring of teleportation {unknown}
Scrolls
 f - 3 scrolls of teleportation
 j - 2 scrolls of remove curse {unknown}
 m - 2 scrolls of magic mapping
 o - a scroll of identify {unknown}
 r - 3 scrolls of recharging {unknown}
Potions
 d - a potion of might
 g - a potion of flight {unknown}
 h - a potion of ambrosia {unknown}
 k - a potion of curing {unknown}
 l - a potion of brilliance {unknown}
 q - a potion of resistance {unknown}
 t - a potion of cancellation {unknown}
 u - a potion of lignification {unknown}
Comestibles
 e - 2 bread rations
 i - 2 meat rations


   Skills:
 + Level 3.5 Fighting
 + Level 2.7 Maces & Flails
 * Level 4.0 Armour
 + Level 4.0 Shields


You had 2 spell levels left.
You knew the following spells:

 Your Spells              Type           Power        Failure   Level  Hunger
a - Freeze                Ice            #...         100%        1    ##.....


Dungeon Overview and Level Annotations

Branches:
Dungeon (3/15)

Altars:
Vehumet


Innate Abilities, Weirdness & Mutations

You are resistant to torment.
Your stone body is resilient (AC +3).
You are immune to poison.
You resist negative energy.
You are resistant to electric shocks.
You can survive without breathing.
You are immune to petrification.
You are immune to rotting.


Message History

There is a stone staircase leading down here.
You climb downwards.
There is a stone staircase leading up here.
A giant cockroach comes into view.
The giant cockroach barely misses you.
The giant cockroach waves its antennae.
You block the giant cockroach's attack.
The giant cockroach bites you but does no damage.
You barely miss the giant cockroach. You block the giant cockroach's attack.
The giant cockroach barely misses you.
You hit the giant cockroach.
You kill the giant cockroach!
Vehumet accepts your kill.
You see here a giant cockroach corpse.
Found a scroll labeled TENICZIODE.
j - 2 scrolls labeled TENICZIODE (gained 1)
Found a stone staircase leading down.
Quiver which item? (- for none, * to show all) (? for menu, Esc to quit)
Okay, then.
Are you sure you want to abandon this character and quit the game? (Confirm with "yes".)

... .>. #.# #.# #.#
#.##### .. #.....#
.# #@# #.##.#####
#.# #........
#######.# #......#
#.......# #......#
#.#####.###......#
#.###............###
#...#.#.####<.......
######.#†#.#.#
#......##
#............#
#........


There were no monsters in sight!

Vanquished Creatures
  2 adders (D:2)
  An ooze (D:2)
  3 giant geckos
  6 bats
  8 hobgoblins
  5 kobolds
  A giant cockroach (D:3)
  A giant newt (D:2)
  5 goblins (D:1)
  7 rats
39 creatures vanquished.

Notes
Turn   | Place    | Note
--------------------------------------------------------------
     0 | D:1      | Izanagi the Gargoyle Fighter began the quest for the Orb.
     0 | D:1      | Reached XP level 1. HP: 14/14 MP: 1/1
    22 | D:1      | Reached XP level 2. HP: 14/19 MP: 2/2
   268 | D:1      | Reached XP level 3. HP: 23/23 MP: 3/3
   539 | D:2      | Found a faded altar to an unknown god.
   547 | D:2      | Became a worshipper of Vehumet
   547 | D:2      | Acquired Vehumet's first power
   547 | D:2      | Offered knowledge of Freeze by Vehumet.
   552 | D:2      | Learned a level 1 spell: Freeze
   705 | D:2      | Reached skill level 4 in Shields
   950 | D:2      | Reached XP level 4. HP: 26/28 MP: 4/4
  1426 | D:3      | Quit the game

Vault maps used:
D:1:      minmay_arrival_diagonal_passages
D:2:      ecumenical_altar_2
D:3:      grunt_ministairs_2, uniq_jessica

Action                   |  1- 3 |  4- 6 || total
-------------------------+-------+-------++-------
Melee: Flail             |   136 |    13 ||   149
  Use: Scroll            |     2 |       ||     2
  Eat: Fruit             |       |     4 ||     4
